 Dungeon Crawl Stone Soup version 0.20.1-1-g8b1a95d (webtiles) character file.

130 polve the Chiller (level 5, -1/35 HPs)
             Began as a Merfolk Ice Elementalist on July 21, 2017.
             Was a Follower of Yredelemnul.
             Slain by an orc
             ... wielding a +0 hand axe
              (3 damage)
             ... on level 3 of the Dungeon.
             The game lasted 00:02:27 (2438 turns).

polve the Chiller (Merfolk Ice Elementalist)        Turns: 2438, Time: 00:02:28

Health: -1/35      AC:  2    Str:  8    XL:     5   Next: 13%
Magic:  0/8        EV: 18    Int: 16    God:    Yredelemnul [*.....]
Gold:   76         SH:  0    Dex: 19    Spells: 7/8 levels left

rFire    . . .     SeeInvis .   (no weapon)
rCold    . . .     Gourm    .   (no shield)
rNeg     . . .     Faith    .   a - +0 robe
rPois    .         Spirit   .   (no helmet)
rElec    .         Reflect  .   (no cloak)
rCorr    .         Harm     .   (no gloves)
MR       .....                  (no boots)
Stlth    +++.......             (no amulet)
Regen    0.2/turn               (no ring)
MPRegen  0.2/turn               (no ring)

@: agile
A: change form in water, swift swim, stealthy swim
a: Animate Remains, Renounce Religion


You were on level 3 of the Dungeon.
You worshipped Yredelemnul.
Yredelemnul was aware of your devotion.
You were not hungry.

You visited 1 branch of the dungeon, and saw 3 of its levels.

You collected 76 gold pieces.

Inventory:

Armour
 a - a +0 robe (worn)
 g - a +0 pair of boots
Jewellery
 j - a +2 ring of protection {unknown}
 p - a +6 ring of protection {unknown}
Scrolls
 d - 2 scrolls of blinking {unknown}
 e - 4 scrolls of identify {unknown}
 i - 2 scrolls of teleportation {unknown}
 k - a scroll of noise {unknown}
 l - 2 scrolls of immolation {unknown}
 n - a scroll of random uselessness {unknown}
 o - a scroll of magic mapping {unknown}
 r - a scroll of amnesia {unknown}
Books
 b - a book of Frost

   Spells                             Type                      Level
   a - Freeze                         Ice                          1
   b - Throw Frost                    Conjuration/Ice              2
   c - Ozocubu's Armour               Charms/Ice                   3
   d - Throw Icicle                   Conjuration/Ice              4
   e - Summon Ice Beast               Ice/Summoning                4
Comestibles
 c - 5 bread rations
 m - 3 chunks of flesh


   Skills:
 - Level 2.6 Dodging
 - Level 2.1 Stealth
 - Level 2.0 Spellcasting
   Level 0.7 Conjurations
 + Level 6.2 Ice Magic


You had 7 spell levels left.
You knew the following spells:

 Your Spells              Type           Power        Failure   Level  Hunger
a - Freeze                Ice            ###.         1%          1    #......


Dungeon Overview and Level Annotations

Branches:
Dungeon (3/15)

Altars:
Yredelemnul


Message History

Aiming: Freeze
Press: ? - help, Shift-Dir - straight line You freeze something.
Yredelemnul accepts your kill.
Reactivating autopickup.
Your Ice Magic skill increases to level 6!
You have reached level 5!
You feel clever.
You feel a bit more experienced.
It was a potion of agility.
You feel agile all of a sudden. The orc misses you.
The orc hits you with a hand axe.
* * * LOW HITPOINT WARNING * * *
The orc barely misses you.
You closely miss the orc. The orc closely misses you.
You closely miss the orc. The orc barely misses you.
You barely miss the orc. The orc hits you with a hand axe.
You die...
Your body rises from the dead as a mindless zombie.

#.##...#
#..'...#
####...#
######...#
#........#
#.###.####...#
#..o..†....###
#####.#o##.# #
#@##.# ####.#
#.# #.# #.# .#


You could see an orc.

Vanquished Creatures
  2 orc wizards (D:3)
  3 adders
  An ooze (D:1)
  A leopard gecko (D:1)
  An orc (D:3)
  8 bats
  3 giant cockroaches
  4 goblins
  3 hobgoblins
  2 quokkas (D:2)
  8 frilled lizards
  8 kobolds
  6 rats
50 creatures vanquished.

Notes
Turn   | Place    | Note
-------+----------+-------------------------------------------
     0 | D:1      | polve the Merfolk Ice Elementalist began the quest for the Orb.
     0 | D:1      | Reached XP level 1. HP: 13/13 MP: 3/3
   202 | D:1      | Reached XP level 2. HP: 8/19 MP: 0/5
   388 | D:1      | Reached skill level 4 in Ice Magic
  1157 | D:2      | Reached XP level 3. HP: 24/24 MP: 4/6
  1220 | D:2      | Found a basalt altar of Yredelemnul.
  1234 | D:2      | Became a worshipper of Yredelemnul the Dark
  1482 | D:2      | Reached skill level 5 in Ice Magic
  1734 | D:2      | Reached XP level 4. HP: 20/30 MP: 4/7
  2402 | D:3      | Reached * piety under Yredelemnul
  2432 | D:3      | Reached skill level 6 in Ice Magic
  2432 | D:3      | Reached XP level 5. HP: 4/35 MP: 0/8
  2438 | D:3      | Slain by an orc

Skill      XL: |  1  2  3  4 |
---------------+-------------+-----
Ice Magic      | 4 5 6 |  6.2
Dodging        | |  2.6
Stealth        | |  2.1
Spellcasting   | |  2.0
Conjurations   | |  0.7

Action                   |  1- 3 |  4- 6 || total
-------------------------+-------+-------++-------
Melee: Unarmed           |    58 |    31 ||    89
 Cast: Freeze            |    47 |    25 ||    72
  Use: Potion            |       |     5 ||     5
 Stab: Sleeping          |     1 |       ||     1
  Eat: Chunk             |     3 |     3 ||     6
Armor: Robe              |    12 |     8 ||    20
Dodge: Dodged            |    61 |    30 ||    91
